[ AOE2 MATCH · #478836784 ]
UnrankedChinese vs Berbers
[ REPLAY ANALYSIS · EXTRACTED FROM THE RECORDED GAME ]
Feudal
13:00
Castle
16:36
Imperial
36:09
| APM avg | 44.4 |
| APM peak | 86 |
| eAPM avg | 30.3 |
| Villagers / military | 203 / 125 |
Focus
⚔️ 39.1% · 🌾 60.9%
Skirmisher ×74 · Knight ×30 · Chu Ko Nu ×11 · Trebuchet (Packed) ×8 · Spearman ×2
Feudal
11:27
Castle
24:42
Imperial
—
| APM avg | 38.3 |
| APM peak | 129 |
| eAPM avg | 16.9 |
| Villagers / military | 99 / 43 |
Focus
⚔️ 28.2% · 🌾 71.8%
Camel Scout ×16 · Scorpion ×13 · Scout Cavalry ×13 · Knight ×1
Feudal
11:45
Castle
25:30
Imperial
—
| APM avg | 56.3 |
| APM peak | 110 |
| eAPM avg | 27.3 |
| Villagers / military | 86 / 58 |
Focus
⚔️ 44.4% · 🌾 55.6%
Archer ×41 · Organ Gun ×13 · Spearman ×4
Feudal
12:27
Castle
16:13
Imperial
39:38
| APM avg | 38.4 |
| APM peak | 95 |
| eAPM avg | 18.7 |
| Villagers / military | 131 / 56 |
Focus
⚔️ 34.7% · 🌾 65.3%
Rattan Archer ×56
Feudal
15:16
Castle
23:35
Imperial
—
| APM avg | 23.1 |
| APM peak | 104 |
| eAPM avg | 15.2 |
| Villagers / military | 120 / 1 |
Focus
⚔️ 20.8% · 🌾 79.2%
Mangonel ×1
Feudal
12:16
Castle
16:41
Imperial
—
| APM avg | 47.4 |
| APM peak | 95 |
| eAPM avg | 22.0 |
| Villagers / military | 126 / 37 |
Focus
⚔️ 29.4% · 🌾 70.6%
Mangudai ×37
Match map
Initial resources + every placement click. Lines = walls · curves = elevation contours. ◆ gold · ⬟ stone · ● berries · ✦ relic · ◌ wall gap
Your base· Open — 12t gap
HSL | P3rk_Ita's base· Open — 5t gap
FMG | GreatMaty's base· Open — 10t gap
ITA | Francesco II's base· Open — 9t gap
HSL | bonch's base· Open — 5t gap
FMG | Sawasha Takohida's base· Open — 13t gap
Smoothed initial terrain · ◌ = detected wall gap · hover for details
Inputs per minute
— FMG | ToNGa - - HSL | P3rk_Ita
Build order — FMG | ToNGa
First 150 of 477 actions detected
| 0:03 | Build | Town Center |
| 1:53 | Build | House |
| 2:08 | Build | House |
| 2:17 | Research | Loom |
| 2:54 | Queue | Villager (Male) |
| 2:54 | Queue | Villager (Male) |
| 2:54 | Queue | Villager (Male) |
| 3:15 | Queue | Villager (Male) |
| 3:16 | Queue | Villager (Male) |
| 3:16 | Queue | Villager (Male) |
| 3:38 | Queue | Villager (Male) |
| 3:38 | Queue | Villager (Male) |
| 3:55 | Queue | Villager (Male) |
| 3:55 | Queue | Villager (Male) |
| 4:15 | Build | Lumber Camp |
| 4:34 | Queue | Villager (Male) |
| 4:35 | Queue | Villager (Male) |
| 4:42 | Build | House |
| 4:57 | Queue | Villager (Male) |
| 4:58 | Queue | Villager (Male) |
| 4:58 | Queue | Villager (Male) |
| 5:35 | Queue | Villager (Male) |
| 5:35 | Queue | Villager (Male) |
| 5:36 | Queue | Villager (Male) |
| 6:21 | Queue | Villager (Male) |
| 6:21 | Queue | Villager (Male) |
| 6:21 | Queue | Villager (Male) |
| 6:22 | Queue | Villager (Male) |
| 6:37 | Build | Mill |
| 6:50 | Queue | Villager (Male) |
| 6:50 | Queue | Villager (Male) |
| 6:55 | Build | House |
| 7:07 | Build | House |
| 7:17 | Queue | Villager (Male) |
| 7:17 | Queue | Villager (Male) |
| 7:24 | Build | House |
| 7:36 | Build | House |
| 7:45 | Build | House |
| 7:51 | Build | House |
| 7:57 | Queue | Villager (Male) |
| 7:57 | Queue | Villager (Male) |
| 8:23 | Queue | Villager (Male) |
| 8:55 | Build | House |
| 9:51 | Queue | Villager (Male) |
| 10:11 | Research | Feudal Age |
| 10:18 | Build | Mining Camp |
| 10:47 | Build | Barracks |
| 11:49 | Build | Palisade Wall |
| 11:51 | Build | Palisade Wall |
| 11:52 | Build | Palisade Wall |
| 11:52 | Build | Palisade Wall |
| 11:53 | Build | Palisade Wall |
| 11:54 | Build | Palisade Wall |
| 11:55 | Build | Palisade Wall |
| 11:55 | Build | Palisade Wall |
| 12:03 | Queue | Villager (Male) |
| 12:03 | Queue | Villager (Male) |
| 12:05 | Build | Palisade Wall |
| 12:42 | Queue | Villager (Male) |
| 12:42 | Queue | Villager (Male) |
| 13:00 | Age | Feudal Age |
| 13:01 | Build | Stable |
| 13:04 | Build | Blacksmith |
| 13:21 | Build | Mill |
| 13:24 | Queue | Spearman |
| 13:56 | Research | Castle Age |
| 13:57 | Research | Castle Age |
| 14:04 | Build | House |
| 14:10 | Queue | Spearman |
| 16:36 | Age | Castle Age |
| 16:37 | Queue | Knight |
| 16:38 | Queue | Knight |
| 16:39 | Queue | Villager (Male) |
| 16:39 | Queue | Villager (Male) |
| 16:39 | Queue | Villager (Male) |
| 16:43 | Build | Town Center |
| 16:56 | Build | Town Center |
| 17:02 | Build | Palisade Wall |
| 17:08 | Queue | Knight |
| 17:11 | Queue | Villager (Male) |
| 17:24 | Build | House |
| 17:40 | Queue | Villager (Male) |
| 17:43 | Build | Farm |
| 17:47 | Queue | Villager (Male) |
| 17:47 | Queue | Villager (Male) |
| 17:47 | Queue | Villager (Male) |
| 17:47 | Queue | Villager (Male) |
| 17:58 | Build | Mill |
| 18:00 | Queue | Villager (Male) |
| 18:00 | Queue | Villager (Male) |
| 18:20 | Queue | Knight |
| 18:20 | Queue | Knight |
| 18:22 | Queue | Villager (Male) |
| 18:54 | Queue | Villager (Male) |
| 18:54 | Queue | Villager (Male) |
| 18:56 | Queue | Villager (Male) |
| 18:56 | Queue | Villager (Male) |
| 18:56 | Queue | Villager (Male) |
| 18:57 | Queue | Villager (Male) |
| 19:30 | Queue | Villager (Male) |
| 19:36 | Queue | Knight |
| 19:37 | Queue | Knight |
| 19:38 | Queue | Villager (Male) |
| 19:39 | Queue | Villager (Male) |
| 19:40 | Build | Farm |
| 20:00 | Build | Farm |
| 20:00 | Build | Farm |
| 20:00 | Build | Farm |
| 20:00 | Build | Farm |
| 20:01 | Build | Farm |
| 20:02 | Research | Horse Collar |
| 20:21 | Queue | Villager (Male) |
| 20:22 | Queue | Villager (Male) |
| 20:28 | Queue | Knight |
| 20:28 | Queue | Knight |
| 20:43 | Build | Farm |
| 20:43 | Build | Farm |
| 20:43 | Build | Farm |
| 20:43 | Build | Farm |
| 20:47 | Queue | Villager (Male) |
| 20:47 | Queue | Villager (Male) |
| 20:47 | Queue | Villager (Male) |
| 21:02 | Queue | Villager (Male) |
| 21:24 | Queue | Knight |
| 21:25 | Queue | Knight |
| 21:32 | Queue | Villager (Male) |
| 21:32 | Queue | Villager (Male) |
| 21:33 | Build | Farm |
| 21:35 | Build | Farm |
| 21:37 | Build | Farm |
| 21:38 | Queue | Villager (Male) |
| 21:38 | Queue | Villager (Male) |
| 21:47 | Build | House |
| 21:47 | Build | House |
| 21:52 | Queue | Villager (Male) |
| 21:52 | Queue | Villager (Male) |
| 21:56 | Build | Market |
| 22:23 | Queue | Knight |
| 22:23 | Queue | Knight |
| 22:24 | Queue | Villager (Male) |
| 22:25 | Queue | Villager (Male) |
| 22:25 | Queue | Villager (Male) |
| 22:37 | Queue | Villager (Male) |
| 22:37 | Queue | Villager (Male) |
| 22:52 | Queue | Villager (Male) |
| 22:52 | Queue | Villager (Male) |
| 22:53 | Queue | Villager (Male) |
| 22:53 | Queue | Villager (Male) |
| 22:53 | Queue | Villager (Male) |
| 22:53 | Queue | Villager (Male) |
Build order — HSL | P3rk_Ita
First 150 of 208 actions detected
| 0:06 | Build | Town Center |
| 2:08 | Build | House |
| 2:23 | Queue | Villager (Male) |
| 2:24 | Queue | Villager (Male) |
| 2:24 | Queue | Villager (Male) |
| 2:24 | Queue | Villager (Male) |
| 3:47 | Build | House |
| 4:05 | Queue | Villager (Male) |
| 4:05 | Queue | Villager (Male) |
| 4:05 | Queue | Villager (Male) |
| 4:05 | Queue | Villager (Male) |
| 5:00 | Queue | Villager (Male) |
| 5:00 | Queue | Villager (Male) |
| 5:00 | Queue | Villager (Male) |
| 5:24 | Queue | Villager (Male) |
| 5:25 | Queue | Villager (Male) |
| 5:39 | Queue | Villager (Male) |
| 5:39 | Queue | Villager (Male) |
| 6:03 | Build | Lumber Camp |
| 6:10 | Build | House |
| 6:29 | Queue | Villager (Male) |
| 6:29 | Queue | Villager (Male) |
| 6:29 | Queue | Villager (Male) |
| 6:29 | Queue | Villager (Male) |
| 7:58 | Queue | Villager (Male) |
| 8:06 | Build | Mill |
| 8:27 | Queue | Villager (Male) |
| 8:48 | Research | Loom |
| 9:15 | Research | Feudal Age |
| 10:09 | Queue | Villager (Male) |
| 10:14 | Build | House |
| 10:37 | Build | Barracks |
| 11:19 | Build | Mill |
| 11:27 | Age | Feudal Age |
| 11:43 | Build | Stable |
| 11:53 | Queue | Villager (Male) |
| 11:53 | Queue | Villager (Male) |
| 11:54 | Queue | Villager (Male) |
| 11:54 | Queue | Villager (Male) |
| 12:16 | Queue | Scout Cavalry |
| 12:17 | Queue | Scout Cavalry |
| 12:17 | Queue | Scout Cavalry |
| 12:17 | Queue | Scout Cavalry |
| 12:23 | Build | House |
| 12:25 | Build | House |
| 12:49 | Build | Mill |
| 13:07 | Research | Double-Bit Axe |
| 13:19 | Queue | Scout Cavalry |
| 13:40 | Queue | Scout Cavalry |
| 13:40 | Queue | Villager (Male) |
| 13:44 | Build | House |
| 14:01 | Queue | Villager (Male) |
| 14:08 | Build | Mill |
| 14:21 | Build | House |
| 14:23 | Build | House |
| 14:44 | Queue | Villager (Male) |
| 14:51 | Build | Watch Tower |
| 14:52 | Queue | Scout Cavalry |
| 14:59 | Queue | Villager (Male) |
| 15:09 | Build | Mill |
| 15:27 | Queue | Scout Cavalry |
| 15:30 | Queue | Villager (Male) |
| 16:14 | Queue | Villager (Male) |
| 16:29 | Build | Mining Camp |
| 16:33 | Queue | Scout Cavalry |
| 16:34 | Queue | Scout Cavalry |
| 16:41 | Queue | Villager (Male) |
| 16:44 | Build | Mill |
| 17:09 | Queue | Villager (Male) |
| 17:11 | Build | Blacksmith |
| 17:39 | Queue | Scout Cavalry |
| 17:40 | Queue | Villager (Male) |
| 17:55 | Queue | Scout Cavalry |
| 17:56 | Queue | Villager (Male) |
| 18:05 | Queue | Scout Cavalry |
| 18:43 | Build | Mining Camp |
| 19:06 | Build | Market |
| 19:21 | Build | Stone Wall |
| 19:26 | Build | Watch Tower |
| 19:37 | Build | Stone Wall |
| 20:02 | Queue | Villager (Male) |
| 20:25 | Queue | Villager (Male) |
| 20:54 | Build | Stone Wall |
| 21:03 | Queue | Villager (Male) |
| 22:02 | Research | Castle Age |
| 22:22 | Build | Stable |
| 23:27 | Research | Bloodlines |
| 24:15 | Research | Scale Barding Armor |
| 24:38 | Queue | Villager (Male) |
| 24:42 | Age | Castle Age |
| 24:45 | Build | Town Center |
| 24:48 | Queue | Camel Scout |
| 24:49 | Queue | Camel Scout |
| 25:01 | Queue | Villager (Male) |
| 25:16 | Queue | Camel Scout |
| 25:17 | Queue | Camel Scout |
| 25:28 | Queue | Knight |
| 25:34 | Build | Farm |
| 25:38 | Build | Farm |
| 25:56 | Queue | Camel Scout |
| 26:02 | Build | Mill |
| 26:19 | Queue | Villager (Male) |
| 26:20 | Queue | Villager (Male) |
| 26:24 | Build | Farm |
| 26:25 | Queue | Villager (Male) |
| 26:25 | Queue | Villager (Male) |
| 26:30 | Build | Farm |
| 26:31 | Queue | Villager (Male) |
| 26:31 | Queue | Villager (Male) |
| 27:01 | Queue | Camel Scout |
| 27:01 | Queue | Camel Scout |
| 27:01 | Queue | Villager (Male) |
| 27:01 | Queue | Villager (Male) |
| 27:01 | Queue | Villager (Male) |
| 27:23 | Queue | Villager (Male) |
| 27:23 | Queue | Villager (Male) |
| 27:23 | Queue | Villager (Male) |
| 27:51 | Queue | Villager (Male) |
| 27:51 | Queue | Villager (Male) |
| 27:51 | Queue | Villager (Male) |
| 28:01 | Queue | Camel Scout |
| 28:01 | Queue | Camel Scout |
| 28:30 | Queue | Camel Scout |
| 28:30 | Queue | Villager (Male) |
| 28:31 | Queue | Villager (Male) |
| 28:31 | Queue | Villager (Male) |
| 28:39 | Queue | Camel Scout |
| 28:39 | Queue | Camel Scout |
| 28:47 | Build | Town Center |
| 28:49 | Queue | Villager (Male) |
| 28:49 | Queue | Villager (Male) |
| 28:49 | Queue | Villager (Male) |
| 28:56 | Queue | Villager (Male) |
| 28:57 | Queue | Villager (Male) |
| 29:07 | Build | Mill |
| 29:21 | Queue | Villager (Male) |
| 29:25 | Queue | Camel Scout |
| 29:25 | Queue | Camel Scout |
| 29:26 | Queue | Villager (Male) |
| 29:26 | Queue | Villager (Male) |
| 29:26 | Queue | Villager (Male) |
| 29:35 | Queue | Villager (Male) |
| 29:46 | Build | House |
| 29:47 | Build | House |
| 30:04 | Research | Forging |
| 30:26 | Queue | Villager (Male) |
| 30:29 | Build | Siege Workshop |
| 30:47 | Queue | Villager (Male) |
| 30:47 | Queue | Villager (Male) |
| 31:01 | Queue | Scorpion |
Build order — FMG | GreatMaty
First 150 of 291 actions detected
| 0:05 | Build | Town Center |
| 2:18 | Build | House |
| 2:19 | Queue | Villager (Male) |
| 2:19 | Queue | Villager (Male) |
| 2:19 | Queue | Villager (Male) |
| 2:20 | Queue | Villager (Male) |
| 2:20 | Queue | Villager (Male) |
| 2:38 | Build | Palisade Wall |
| 2:39 | Build | Palisade Wall |
| 2:58 | Build | House |
| 3:07 | Build | House |
| 3:14 | Research | Loom |
| 3:14 | Research | Loom |
| 3:21 | Build | House |
| 3:30 | Queue | Villager (Male) |
| 3:42 | Queue | Villager (Male) |
| 3:43 | Queue | Villager (Male) |
| 3:43 | Queue | Villager (Male) |
| 4:20 | Queue | Villager (Male) |
| 4:20 | Queue | Villager (Male) |
| 4:51 | Build | Lumber Camp |
| 4:55 | Build | House |
| 5:02 | Queue | Villager (Male) |
| 5:02 | Queue | Villager (Male) |
| 5:02 | Queue | Villager (Male) |
| 5:09 | Build | House |
| 5:22 | Build | House |
| 5:27 | Queue | Villager (Male) |
| 5:27 | Queue | Villager (Male) |
| 5:32 | Build | House |
| 5:55 | Queue | Villager (Male) |
| 5:55 | Queue | Villager (Male) |
| 6:10 | Queue | Villager (Male) |
| 6:33 | Build | House |
| 6:46 | Build | House |
| 6:52 | Build | House |
| 6:55 | Queue | Villager (Male) |
| 6:56 | Queue | Villager (Male) |
| 7:17 | Build | Mill |
| 7:23 | Queue | Villager (Male) |
| 7:23 | Queue | Villager (Male) |
| 7:24 | Queue | Villager (Male) |
| 7:54 | Queue | Villager (Male) |
| 8:36 | Queue | Villager (Male) |
| 9:00 | Queue | Villager (Male) |
| 9:35 | Research | Feudal Age |
| 9:35 | Research | Feudal Age |
| 9:36 | Research | Feudal Age |
| 10:37 | Build | Barracks |
| 11:15 | Queue | Villager (Male) |
| 11:45 | Age | Feudal Age |
| 11:59 | Queue | Villager (Male) |
| 12:15 | Queue | Villager (Male) |
| 12:29 | Queue | Spearman |
| 12:34 | Build | House |
| 12:45 | Research | Double-Bit Axe |
| 12:46 | Queue | Villager (Male) |
| 12:50 | Build | House |
| 12:51 | Queue | Spearman |
| 13:17 | Queue | Villager (Male) |
| 13:41 | Queue | Villager (Male) |
| 13:56 | Queue | Villager (Male) |
| 14:26 | Build | Archery Range |
| 14:29 | Build | Lumber Camp |
| 14:30 | Queue | Villager (Male) |
| 14:32 | Build | Mining Camp |
| 15:14 | Build | Palisade Wall |
| 15:14 | Build | Palisade Wall |
| 15:17 | Build | Palisade Wall |
| 15:18 | Build | Palisade Wall |
| 15:20 | Queue | Villager (Male) |
| 15:33 | Build | Town Center |
| 15:42 | Queue | Archer |
| 15:42 | Queue | Archer |
| 15:43 | Queue | Archer |
| 16:14 | Build | Palisade Wall |
| 16:14 | Build | Palisade Wall |
| 16:15 | Build | Palisade Wall |
| 16:19 | Build | Palisade Wall |
| 16:19 | Build | Palisade Wall |
| 16:20 | Build | Palisade Wall |
| 16:20 | Build | Palisade Wall |
| 16:21 | Build | Palisade Wall |
| 16:25 | Build | Palisade Wall |
| 16:28 | Build | Palisade Wall |
| 16:38 | Queue | Villager (Male) |
| 16:38 | Queue | Villager (Male) |
| 16:50 | Queue | Archer |
| 16:53 | Build | Outpost |
| 16:54 | Build | Outpost |
| 16:57 | Research | Town Watch |
| 17:07 | Queue | Villager (Male) |
| 17:14 | Build | House |
| 17:15 | Build | House |
| 17:19 | Build | House |
| 17:20 | Build | House |
| 17:21 | Build | House |
| 17:28 | Queue | Archer |
| 17:41 | Queue | Villager (Male) |
| 17:41 | Queue | Villager (Male) |
| 17:46 | Queue | Archer |
| 18:01 | Build | Blacksmith |
| 18:13 | Build | Outpost |
| 18:15 | Build | Outpost |
| 18:16 | Build | Outpost |
| 18:19 | Queue | Archer |
| 18:35 | Queue | Archer |
| 18:36 | Queue | Archer |
| 18:46 | Queue | Villager (Male) |
| 18:49 | Research | Fletching |
| 18:50 | Research | Fletching |
| 18:54 | Queue | Archer |
| 19:10 | Queue | Villager (Male) |
| 19:13 | Build | Market |
| 19:28 | Queue | Villager (Male) |
| 19:32 | Build | Farm |
| 19:32 | Build | Farm |
| 19:32 | Build | Farm |
| 19:32 | Build | Farm |
| 19:34 | Research | Horse Collar |
| 20:15 | Queue | Villager (Male) |
| 20:16 | Queue | Archer |
| 20:27 | Queue | Archer |
| 20:31 | Build | Outpost |
| 20:32 | Build | Outpost |
| 20:34 | Queue | Villager (Male) |
| 20:36 | Build | Outpost |
| 20:37 | Build | Outpost |
| 20:53 | Queue | Villager (Male) |
| 21:04 | Queue | Archer |
| 21:06 | Build | Outpost |
| 21:08 | Queue | Spearman |
| 21:08 | Queue | Spearman |
| 21:09 | Queue | Villager (Male) |
| 21:14 | Build | Farm |
| 21:23 | Build | Outpost |
| 21:36 | Queue | Villager (Male) |
| 22:03 | Queue | Archer |
| 22:25 | Queue | Villager (Male) |
| 22:27 | Build | House |
| 22:49 | Research | Castle Age |
| 22:50 | Research | Castle Age |
| 22:51 | Queue | Archer |
| 22:51 | Queue | Archer |
| 22:54 | Build | Archery Range |
| 23:16 | Research | Stone Mining |
| 23:17 | Research | Gold Mining |
| 23:23 | Build | House |
| 23:24 | Build | House |
| 23:38 | Build | House |
Build order — ITA | Francesco II
First 150 of 314 actions detected
| 0:14 | Build | Town Center |
| 2:22 | Queue | Villager (Male) |
| 2:22 | Queue | Villager (Male) |
| 2:23 | Queue | Villager (Male) |
| 2:23 | Queue | Villager (Male) |
| 2:23 | Queue | Villager (Male) |
| 2:27 | Build | House |
| 3:15 | Queue | Villager (Male) |
| 3:15 | Queue | Villager (Male) |
| 3:38 | Queue | Villager (Male) |
| 3:38 | Queue | Villager (Male) |
| 3:56 | Build | Lumber Camp |
| 4:00 | Queue | Villager (Male) |
| 4:23 | Queue | Villager (Male) |
| 4:24 | Queue | Villager (Male) |
| 4:32 | Build | House |
| 5:10 | Queue | Villager (Male) |
| 5:11 | Queue | Villager (Male) |
| 6:01 | Queue | Villager (Male) |
| 6:01 | Queue | Villager (Male) |
| 6:01 | Queue | Villager (Male) |
| 6:02 | Queue | Villager (Male) |
| 6:42 | Queue | Villager (Male) |
| 6:50 | Build | House |
| 7:06 | Build | Mill |
| 7:29 | Queue | Villager (Male) |
| 8:01 | Queue | Villager (Male) |
| 8:02 | Queue | Villager (Male) |
| 8:29 | Queue | Villager (Male) |
| 8:53 | Build | House |
| 9:12 | Queue | Villager (Male) |
| 9:16 | Build | Mining Camp |
| 9:36 | Queue | Villager (Male) |
| 9:49 | Build | Mining Camp |
| 9:59 | Research | Feudal Age |
| 10:32 | Queue | Villager (Male) |
| 10:32 | Queue | Villager (Male) |
| 12:27 | Age | Feudal Age |
| 12:31 | Build | Market |
| 12:37 | Research | Loom |
| 12:41 | Build | Blacksmith |
| 13:33 | Research | Castle Age |
| 13:34 | Research | Castle Age |
| 13:47 | Build | Palisade Wall |
| 13:49 | Build | Palisade Wall |
| 13:55 | Build | Palisade Wall |
| 13:56 | Build | Palisade Wall |
| 14:07 | Build | Palisade Wall |
| 14:10 | Build | Palisade Wall |
| 14:13 | Build | Palisade Wall |
| 14:16 | Build | Palisade Wall |
| 14:18 | Build | Palisade Wall |
| 14:20 | Build | Palisade Wall |
| 14:22 | Build | Palisade Wall |
| 14:28 | Research | Double-Bit Axe |
| 14:29 | Research | Double-Bit Axe |
| 14:47 | Queue | Villager (Male) |
| 15:02 | Queue | Villager (Male) |
| 15:38 | Queue | Villager (Male) |
| 15:38 | Queue | Villager (Male) |
| 16:13 | Age | Castle Age |
| 16:21 | Build | Castle |
| 16:27 | Build | Castle |
| 16:36 | Research | Fletching |
| 16:37 | Queue | Villager (Male) |
| 17:03 | Queue | Villager (Male) |
| 17:09 | Build | Mill |
| 17:25 | Build | Mill |
| 17:35 | Queue | Rattan Archer |
| 17:40 | Queue | Villager (Male) |
| 17:42 | Build | Town Center |
| 18:07 | Queue | Rattan Archer |
| 18:07 | Queue | Rattan Archer |
| 18:17 | Queue | Villager (Male) |
| 18:54 | Queue | Rattan Archer |
| 18:54 | Queue | Rattan Archer |
| 18:57 | Queue | Villager (Male) |
| 18:57 | Queue | Villager (Male) |
| 19:12 | Queue | Villager (Male) |
| 19:42 | Queue | Villager (Male) |
| 19:43 | Queue | Villager (Male) |
| 19:49 | Build | Mill |
| 20:03 | Research | Bodkin Arrow |
| 20:24 | Queue | Villager (Male) |
| 20:31 | Queue | Villager (Male) |
| 20:31 | Queue | Villager (Male) |
| 20:41 | Queue | Rattan Archer |
| 20:41 | Queue | Rattan Archer |
| 21:09 | Queue | Rattan Archer |
| 21:09 | Queue | Rattan Archer |
| 21:09 | Queue | Rattan Archer |
| 21:10 | Queue | Villager (Male) |
| 21:10 | Queue | Villager (Male) |
| 21:11 | Queue | Villager (Male) |
| 21:14 | Queue | Villager (Male) |
| 21:29 | Queue | Villager (Male) |
| 21:41 | Queue | Villager (Male) |
| 21:50 | Queue | Villager (Male) |
| 22:05 | Queue | Villager (Male) |
| 22:10 | Queue | Villager (Male) |
| 22:27 | Queue | Villager (Male) |
| 22:30 | Build | House |
| 22:36 | Build | Town Center |
| 22:56 | Research | Padded Archer Armor |
| 22:56 | Research | Padded Archer Armor |
| 23:02 | Queue | Villager (Male) |
| 23:33 | Queue | Villager (Male) |
| 23:34 | Queue | Villager (Male) |
| 23:52 | Queue | Villager (Male) |
| 23:53 | Queue | Villager (Male) |
| 24:00 | Queue | Villager (Male) |
| 24:17 | Queue | Villager (Male) |
| 24:17 | Queue | Villager (Male) |
| 24:17 | Queue | Villager (Male) |
| 24:18 | Queue | Villager (Male) |
| 24:35 | Queue | Villager (Male) |
| 24:40 | Queue | Villager (Male) |
| 24:55 | Build | Town Center |
| 24:58 | Queue | Villager (Male) |
| 25:11 | Build | Mill |
| 25:13 | Queue | Villager (Male) |
| 25:13 | Queue | Villager (Male) |
| 25:13 | Queue | Villager (Male) |
| 25:16 | Queue | Villager (Male) |
| 25:23 | Queue | Villager (Male) |
| 25:48 | Queue | Villager (Male) |
| 25:49 | Queue | Villager (Male) |
| 25:49 | Queue | Villager (Male) |
| 26:03 | Queue | Rattan Archer |
| 26:03 | Queue | Rattan Archer |
| 26:03 | Queue | Rattan Archer |
| 26:09 | Research | Leather Archer Armor |
| 26:09 | Research | Leather Archer Armor |
| 26:09 | Queue | Villager (Male) |
| 26:10 | Queue | Villager (Male) |
| 26:10 | Queue | Villager (Male) |
| 26:28 | Queue | Rattan Archer |
| 26:29 | Queue | Rattan Archer |
| 26:29 | Queue | Rattan Archer |
| 26:37 | Queue | Villager (Male) |
| 26:47 | Build | House |
| 27:01 | Build | Palisade Wall |
| 27:01 | Build | Palisade Wall |
| 27:03 | Build | Palisade Wall |
| 27:05 | Build | Palisade Wall |
| 27:17 | Queue | Rattan Archer |
| 27:18 | Queue | Rattan Archer |
| 27:32 | Queue | Villager (Male) |
| 27:42 | Queue | Villager (Male) |
| 27:42 | Queue | Villager (Male) |
Build order — HSL | bonch
First 150 of 201 actions detected
| 0:05 | Build | House |
| 0:14 | Build | Town Center |
| 2:29 | Build | House |
| 2:33 | Queue | Villager (Male) |
| 2:33 | Queue | Villager (Male) |
| 2:34 | Queue | Villager (Male) |
| 2:34 | Queue | Villager (Male) |
| 2:34 | Queue | Villager (Male) |
| 2:57 | Build | House |
| 3:19 | Build | House |
| 3:32 | Queue | Villager (Male) |
| 3:59 | Build | House |
| 4:33 | Queue | Villager (Male) |
| 4:33 | Queue | Villager (Male) |
| 4:57 | Queue | Villager (Male) |
| 5:11 | Build | House |
| 5:22 | Queue | Villager (Male) |
| 5:40 | Build | House |
| 5:52 | Queue | Villager (Male) |
| 5:53 | Queue | Villager (Male) |
| 5:53 | Queue | Villager (Male) |
| 5:56 | Queue | Villager (Male) |
| 6:03 | Queue | Villager (Male) |
| 6:08 | Build | House |
| 6:43 | Build | Lumber Camp |
| 7:03 | Queue | Villager (Male) |
| 7:33 | Build | Palisade Wall |
| 7:44 | Research | Double-Bit Axe |
| 7:48 | Queue | Villager (Male) |
| 7:51 | Build | Palisade Wall |
| 8:03 | Build | House |
| 8:08 | Queue | Villager (Male) |
| 8:12 | Queue | Villager (Male) |
| 9:03 | Research | Loom |
| 10:04 | Build | Town Center |
| 10:41 | Build | Mill |
| 10:45 | Queue | Villager (Male) |
| 10:51 | Queue | Villager (Male) |
| 10:51 | Queue | Villager (Male) |
| 11:27 | Build | House |
| 11:54 | Queue | Villager (Male) |
| 12:16 | Queue | Villager (Male) |
| 12:42 | Build | House |
| 13:06 | Research | Feudal Age |
| 13:07 | Research | Feudal Age |
| 14:06 | Build | Mill |
| 14:14 | Queue | Villager (Male) |
| 14:35 | Queue | Villager (Male) |
| 14:40 | Build | Lumber Camp |
| 15:08 | Build | House |
| 15:16 | Age | Feudal Age |
| 15:35 | Research | Bow Saw |
| 15:39 | Build | Blacksmith |
| 15:42 | Build | House |
| 15:44 | Build | Palisade Wall |
| 15:44 | Build | Palisade Wall |
| 15:45 | Build | Palisade Wall |
| 15:45 | Build | Palisade Wall |
| 15:46 | Build | Palisade Wall |
| 15:46 | Build | Palisade Wall |
| 16:01 | Queue | Villager (Male) |
| 16:11 | Queue | Villager (Male) |
| 16:38 | Queue | Villager (Male) |
| 16:55 | Queue | Villager (Male) |
| 17:07 | Build | Mining Camp |
| 17:15 | Queue | Villager (Male) |
| 17:28 | Build | Market |
| 18:09 | Queue | Villager (Male) |
| 18:15 | Build | Mill |
| 18:26 | Queue | Villager (Male) |
| 18:46 | Build | House |
| 18:49 | Build | House |
| 18:53 | Build | House |
| 18:56 | Build | House |
| 19:02 | Queue | Villager (Male) |
| 19:06 | Build | House |
| 19:08 | Build | House |
| 19:10 | Build | House |
| 19:31 | Build | Palisade Wall |
| 19:38 | Build | Mill |
| 19:40 | Queue | Villager (Male) |
| 19:56 | Queue | Villager (Male) |
| 20:22 | Queue | Villager (Male) |
| 20:44 | Research | Castle Age |
| 21:22 | Build | Palisade Wall |
| 21:28 | Research | Horse Collar |
| 21:37 | Build | Palisade Wall |
| 21:38 | Build | Palisade Wall |
| 21:39 | Build | Palisade Wall |
| 21:39 | Build | Palisade Wall |
| 21:40 | Build | Palisade Wall |
| 21:41 | Build | Palisade Wall |
| 21:45 | Build | Palisade Wall |
| 22:00 | Build | House |
| 22:01 | Build | House |
| 22:19 | Queue | Villager (Male) |
| 22:27 | Build | Watch Tower |
| 23:35 | Age | Castle Age |
| 23:40 | Build | Town Center |
| 23:56 | Build | Monastery |
| 24:17 | Build | Watch Tower |
| 24:24 | Queue | Villager (Male) |
| 24:46 | Queue | Villager (Male) |
| 24:46 | Queue | Villager (Male) |
| 24:46 | Queue | Villager (Male) |
| 25:19 | Queue | Villager (Male) |
| 25:25 | Queue | Villager (Male) |
| 25:25 | Queue | Villager (Male) |
| 25:25 | Queue | Villager (Male) |
| 25:52 | Build | Monastery |
| 26:13 | Queue | Villager (Male) ×2 |
| 26:45 | Queue | Villager (Male) ×3 |
| 27:03 | Build | Gate |
| 27:04 | Build | House |
| 27:22 | Build | Mill |
| 27:37 | Queue | Villager (Male) |
| 27:43 | Queue | Villager (Male) |
| 27:57 | Queue | Villager (Male) |
| 27:57 | Queue | Villager (Male) |
| 27:57 | Queue | Villager (Male) |
| 28:16 | Build | Lumber Camp |
| 28:19 | Build | House |
| 28:47 | Research | Wheelbarrow |
| 29:03 | Build | House |
| 29:29 | Queue | Villager (Male) ×5 |
| 29:52 | Build | Town Center |
| 29:56 | Queue | Villager (Male) |
| 30:20 | Research | Hand Cart |
| 31:02 | Queue | Villager (Male) |
| 31:24 | Queue | Villager (Male) ×5 |
| 31:44 | Build | Town Center |
| 31:54 | Queue | Villager (Male) |
| 32:37 | Research | Hand Cart |
| 32:38 | Queue | Villager (Male) |
| 32:38 | Queue | Villager (Male) |
| 32:38 | Queue | Villager (Male) |
| 32:58 | Research | Heavy Plow |
| 32:58 | Research | Heavy Plow |
| 33:31 | Build | Farm |
| 33:34 | Build | Farm |
| 33:35 | Queue | Villager (Male) |
| 33:35 | Queue | Villager (Male) |
| 33:38 | Build | Farm |
| 34:01 | Queue | Villager (Male) |
| 34:01 | Queue | Villager (Male) |
| 34:13 | Queue | Villager (Male) ×2 |
| 34:23 | Queue | Villager (Male) ×5 |
| 34:45 | Queue | Villager (Male) |
| 35:06 | Queue | Villager (Male) ×2 |
| 35:26 | Build | Town Center |
Build order — FMG | Sawasha Takohida
First 150 of 280 actions detected
| 0:12 | Build | Town Center |
| 1:50 | Build | House |
| 2:11 | Queue | Villager (Male) |
| 2:11 | Queue | Villager (Male) |
| 2:11 | Queue | Villager (Male) |
| 2:12 | Queue | Villager (Male) |
| 2:12 | Queue | Villager (Male) |
| 3:49 | Queue | Villager (Male) |
| 3:49 | Queue | Villager (Male) |
| 3:49 | Queue | Villager (Male) |
| 3:50 | Queue | Villager (Male) |
| 4:03 | Queue | Villager (Male) |
| 4:04 | Queue | Villager (Male) |
| 4:17 | Queue | Villager (Male) |
| 4:17 | Queue | Villager (Male) |
| 4:19 | Build | House |
| 5:01 | Build | House |
| 5:11 | Build | Lumber Camp |
| 5:23 | Queue | Villager (Male) |
| 5:29 | Queue | Villager (Male) |
| 5:30 | Queue | Villager (Male) |
| 5:55 | Build | House |
| 6:10 | Build | House |
| 6:25 | Build | House |
| 6:30 | Build | House |
| 6:43 | Queue | Villager (Male) |
| 6:43 | Queue | Villager (Male) |
| 6:44 | Build | House |
| 6:54 | Build | House |
| 7:09 | Queue | Villager (Male) |
| 7:23 | Queue | Villager (Male) |
| 7:29 | Queue | Villager (Male) |
| 7:29 | Queue | Villager (Male) |
| 7:30 | Queue | Villager (Male) |
| 7:30 | Queue | Villager (Male) |
| 7:31 | Queue | Villager (Male) |
| 8:00 | Build | House |
| 8:06 | Queue | Villager (Male) |
| 8:21 | Build | House |
| 8:29 | Build | Mill |
| 9:01 | Queue | Villager (Male) |
| 9:39 | Build | House |
| 9:45 | Research | Feudal Age |
| 9:45 | Research | Feudal Age |
| 9:48 | Build | House |
| 11:54 | Build | Palisade Wall |
| 12:03 | Build | House |
| 12:16 | Age | Feudal Age |
| 12:17 | Build | House |
| 12:20 | Queue | Villager (Male) |
| 12:21 | Queue | Villager (Male) |
| 12:29 | Build | Market |
| 12:31 | Build | Blacksmith |
| 12:47 | Build | Mining Camp |
| 12:54 | Build | Palisade Wall |
| 13:04 | Build | House |
| 13:11 | Build | Palisade Wall |
| 13:13 | Build | Palisade Wall |
| 13:14 | Queue | Villager (Male) |
| 13:15 | Research | Double-Bit Axe |
| 13:23 | Research | Loom |
| 13:52 | Build | Mining Camp |
| 14:01 | Research | Castle Age |
| 14:02 | Research | Castle Age |
| 14:08 | Research | Gold Mining |
| 15:53 | Queue | Villager (Male) |
| 16:08 | Queue | Villager (Male) |
| 16:41 | Age | Castle Age |
| 17:20 | Build | Castle |
| 17:36 | Queue | Villager (Male) |
| 17:36 | Queue | Villager (Male) |
| 17:53 | Queue | Villager (Male) |
| 18:44 | Queue | Villager (Male) |
| 18:56 | Build | Town Center |
| 19:19 | Queue | Villager (Male) |
| 19:20 | Queue | Villager (Male) |
| 19:20 | Queue | Villager (Male) |
| 20:00 | Queue | Villager (Male) |
| 20:00 | Queue | Villager (Male) |
| 20:21 | Build | House |
| 20:24 | Queue | Mangudai |
| 20:24 | Queue | Mangudai |
| 20:53 | Queue | Mangudai |
| 21:15 | Queue | Villager (Male) |
| 21:16 | Queue | Villager (Male) |
| 21:22 | Queue | Villager (Male) |
| 21:36 | Queue | Mangudai |
| 21:59 | Queue | Villager (Male) |
| 22:12 | Queue | Villager (Male) |
| 22:43 | Research | Fletching |
| 22:43 | Research | Fletching |
| 22:44 | Research | Fletching |
| 22:53 | Queue | Villager (Male) |
| 22:58 | Queue | Villager (Male) |
| 22:59 | Queue | Villager (Male) |
| 23:32 | Queue | Mangudai |
| 23:33 | Queue | Mangudai |
| 23:41 | Research | Bodkin Arrow |
| 23:41 | Research | Bodkin Arrow |
| 23:53 | Build | Town Center |
| 23:53 | Queue | Villager (Male) |
| 23:54 | Queue | Villager (Male) |
| 24:48 | Build | Mill |
| 24:55 | Queue | Villager (Male) |
| 25:45 | Queue | Mangudai |
| 25:51 | Queue | Villager (Male) |
| 25:59 | Queue | Mangudai |
| 25:59 | Queue | Mangudai |
| 26:08 | Queue | Villager (Male) |
| 26:09 | Queue | Villager (Male) |
| 26:22 | Queue | Mangudai |
| 26:26 | Queue | Villager (Male) |
| 26:33 | Queue | Villager (Male) |
| 26:49 | Queue | Villager (Male) |
| 26:49 | Queue | Villager (Male) |
| 27:11 | Queue | Villager (Male) |
| 27:23 | Build | Market |
| 27:32 | Queue | Villager (Male) |
| 27:49 | Queue | Villager (Male) |
| 27:52 | Queue | Villager (Male) |
| 27:54 | Queue | Mangudai |
| 28:11 | Queue | Villager (Male) |
| 28:11 | Queue | Villager (Male) |
| 28:21 | Queue | Villager (Male) |
| 28:23 | Research | Horse Collar |
| 28:38 | Queue | Villager (Male) |
| 28:40 | Queue | Mangudai |
| 28:41 | Queue | Mangudai |
| 28:41 | Queue | Villager (Male) |
| 28:44 | Research | Padded Archer Armor |
| 28:57 | Queue | Villager (Male) |
| 29:00 | Build | University |
| 29:02 | Queue | Mangudai |
| 29:02 | Queue | Mangudai |
| 29:05 | Build | House |
| 29:15 | Queue | Villager (Male) |
| 29:21 | Queue | Villager (Male) |
| 29:35 | Build | Town Center |
| 29:36 | Queue | Villager (Male) |
| 29:53 | Queue | Villager (Male) |
| 30:02 | Queue | Villager (Male) |
| 30:08 | Research | Ballistics |
| 30:08 | Research | Ballistics |
| 30:21 | Queue | Mangudai |
| 30:22 | Queue | Mangudai |
| 30:22 | Queue | Villager (Male) |
| 30:42 | Queue | Mangudai |
| 30:43 | Queue | Villager (Male) |
| 30:43 | Queue | Villager (Male) |
| 30:43 | Queue | Villager (Male) |
Match timeline
| 2:38 | FMG | GreatMaty · wall_segment Palisade Wall x1 |
| 2:39 | FMG | GreatMaty · wall_segment Palisade Wall x1 |
| 7:33 | HSL | bonch · wall_segment Palisade Wall x1 |
| 7:51 | HSL | bonch · wall_segment Palisade Wall x1 |
| 10:37 | HSL | P3rk_Ita · first_building Barracks |
| 10:37 | FMG | GreatMaty · first_building Barracks |
| 10:47 | FMG | ToNGa · first_building Barracks |
| 11:27 | HSL | P3rk_Ita · age_up feudal |
| 11:43 | HSL | P3rk_Ita · first_building Stable |
| 11:45 | FMG | GreatMaty · age_up feudal |
| 11:49 | FMG | ToNGa · wall_segment Palisade Wall x1 |
| 11:51 | FMG | ToNGa · wall_segment Palisade Wall x1 |
| 11:52 | FMG | ToNGa · wall_segment Palisade Wall x1 |
| 11:52 | FMG | ToNGa · wall_segment Palisade Wall x1 |
| 11:53 | FMG | ToNGa · wall_segment Palisade Wall x1 |
| 11:54 | FMG | ToNGa · wall_segment Palisade Wall x1 |
| 11:54 | FMG | Sawasha Takohida · wall_segment Palisade Wall x1 |
| 11:55 | FMG | ToNGa · wall_segment Palisade Wall x1 |
| 11:55 | FMG | ToNGa · wall_segment Palisade Wall x1 |
| 12:05 | FMG | ToNGa · wall_segment Palisade Wall x1 |
| 12:16 | FMG | Sawasha Takohida · age_up feudal |
| 12:27 | ITA | Francesco II · age_up feudal |
| 12:54 | FMG | Sawasha Takohida · wall_segment Palisade Wall x5 |
| 13:00 | FMG | ToNGa · age_up feudal |
| 13:01 | FMG | ToNGa · first_building Stable |
| 13:11 | FMG | Sawasha Takohida · wall_segment Palisade Wall x5 |
| 13:13 | FMG | Sawasha Takohida · wall_segment Palisade Wall x3 |
| 13:47 | ITA | Francesco II · wall_segment Palisade Wall x1 |
| 13:49 | ITA | Francesco II · wall_segment Palisade Wall x1 |
| 13:55 | ITA | Francesco II · wall_segment Palisade Wall x1 |
| 13:56 | ITA | Francesco II · wall_segment Palisade Wall x1 |
| 14:07 | ITA | Francesco II · wall_segment Palisade Wall x1 |
| 14:10 | ITA | Francesco II · wall_segment Palisade Wall x1 |
| 14:13 | ITA | Francesco II · wall_segment Palisade Wall x1 |
| 14:16 | ITA | Francesco II · wall_segment Palisade Wall x1 |
| 14:18 | ITA | Francesco II · wall_segment Palisade Wall x1 |
| 14:20 | ITA | Francesco II · wall_segment Palisade Wall x1 |
| 14:22 | ITA | Francesco II · wall_segment Palisade Wall x1 |
| 14:26 | FMG | GreatMaty · first_building Archery Range |
| 15:14 | FMG | GreatMaty · wall_segment Palisade Wall x1 |
| 15:14 | FMG | GreatMaty · wall_segment Palisade Wall x1 |
| 15:16 | HSL | bonch · age_up feudal |
| 15:17 | FMG | GreatMaty · wall_segment Palisade Wall x1 |
| 15:18 | FMG | GreatMaty · wall_segment Palisade Wall x1 |
| 15:44 | HSL | bonch · wall_segment Palisade Wall x1 |
| 15:44 | HSL | bonch · wall_segment Palisade Wall x1 |
| 15:45 | HSL | bonch · wall_segment Palisade Wall x1 |
| 15:45 | HSL | bonch · wall_segment Palisade Wall x1 |
| 15:46 | HSL | bonch · wall_segment Palisade Wall x1 |
| 15:46 | HSL | bonch · wall_segment Palisade Wall x1 |
| 16:13 | ITA | Francesco II · age_up castle |
| 16:14 | FMG | GreatMaty · wall_segment Palisade Wall x1 |
| 16:14 | FMG | GreatMaty · wall_segment Palisade Wall x1 |
| 16:15 | FMG | GreatMaty · wall_segment Palisade Wall x1 |
| 16:19 | FMG | GreatMaty · wall_segment Palisade Wall x1 |
| 16:19 | FMG | GreatMaty · wall_segment Palisade Wall x1 |
| 16:20 | FMG | GreatMaty · wall_segment Palisade Wall x1 |
| 16:20 | FMG | GreatMaty · wall_segment Palisade Wall x1 |
| 16:21 | ITA | Francesco II · first_building Castle |
| 16:21 | FMG | GreatMaty · wall_segment Palisade Wall x1 |
| 16:21 | FMG | Sawasha Takohida · first_market_sell 100 food |
| 16:23 | FMG | Sawasha Takohida · first_market_buy 100 stone |
| 16:25 | FMG | GreatMaty · wall_segment Palisade Wall x1 |
| 16:28 | FMG | GreatMaty · wall_segment Palisade Wall x1 |
| 16:36 | FMG | ToNGa · age_up castle |
| 16:41 | FMG | Sawasha Takohida · age_up castle |
| 17:02 | FMG | ToNGa · wall_segment Palisade Wall x1 |
| 17:20 | FMG | Sawasha Takohida · first_building Castle |
| 19:21 | HSL | P3rk_Ita · wall_segment Stone Wall x4 |
| 19:31 | HSL | bonch · wall_segment Palisade Wall x1 |
| 19:37 | HSL | P3rk_Ita · wall_segment Stone Wall x2 |
| 19:59 | HSL | bonch · first_market_sell 100 wood |
| 20:01 | HSL | bonch · first_market_buy 100 food |
| 20:24 | HSL | P3rk_Ita · first_market_sell 100 wood |
| 20:51 | FMG | GreatMaty · first_market_sell 500 wood |
| 20:52 | FMG | GreatMaty · first_market_buy 500 food |
| 20:54 | HSL | P3rk_Ita · wall_segment Stone Wall x1 |
| 21:22 | HSL | bonch · wall_segment Palisade Wall x1 |
| 21:31 | HSL | P3rk_Ita · first_market_buy 100 food |
| 21:37 | HSL | bonch · wall_segment Palisade Wall x1 |
| 21:38 | HSL | bonch · wall_segment Palisade Wall x1 |
| 21:39 | HSL | bonch · wall_segment Palisade Wall x1 |
| 21:39 | HSL | bonch · wall_segment Palisade Wall x1 |
| 21:40 | HSL | bonch · wall_segment Palisade Wall x1 |
| 21:41 | HSL | bonch · wall_segment Palisade Wall x1 |
| 21:45 | HSL | bonch · wall_segment Palisade Wall x1 |
| 23:01 | FMG | ToNGa · first_market_sell 100 wood |
| 23:03 | FMG | ToNGa · first_market_buy 100 stone |
| 23:35 | HSL | bonch · age_up castle |
| 23:56 | HSL | bonch · first_building Monastery |
| 24:42 | HSL | P3rk_Ita · age_up castle |
| 24:51 | ITA | Francesco II · first_market_buy 100 wood |
| 25:30 | FMG | GreatMaty · age_up castle |
| 26:26 | FMG | GreatMaty · wall_segment Palisade Wall x1 |
| 26:41 | FMG | GreatMaty · first_building Castle |
| 27:01 | ITA | Francesco II · wall_segment Palisade Wall x1 |
| 27:01 | ITA | Francesco II · wall_segment Palisade Wall x1 |
| 27:03 | ITA | Francesco II · wall_segment Palisade Wall x1 |
| 27:05 | ITA | Francesco II · wall_segment Palisade Wall x1 |
| 28:29 | FMG | ToNGa · first_building Castle |
| 30:29 | HSL | P3rk_Ita · first_building Siege Workshop |
| 32:00 | HSL | P3rk_Ita · wall_segment Stone Wall x2 |
| 33:20 | FMG | ToNGa · first_building Archery Range |
| 35:11 | FMG | Sawasha Takohida · first_building Barracks |
| 35:26 | ITA | Francesco II · first_market_sell 100 food |
| 36:09 | FMG | ToNGa · age_up imperial |
| 36:19 | FMG | Sawasha Takohida · first_building Stable |
| 36:42 | HSL | bonch · first_building Siege Workshop |
| 38:30 | FMG | Sawasha Takohida · first_building Archery Range |
| 39:18 | FMG | ToNGa · first_building Siege Workshop |
| 39:38 | ITA | Francesco II · age_up imperial |
| 39:40 | ITA | Francesco II · resign |
[ AI ANALYSIS · 1 CREDIT ]
What really happened in this match?
Wolo.gg analyzes every decision: build order, eco, micro, common mistakes by bracket. Personalized analysis on WhatsApp or Discord in 30 seconds.
Civ guide
Chinese
Perfil
FMG | ToNGa